Map: Dreamcatcher LE

Players

BoO

  • Race: Zerg Zerg
  • Spawn Location: 11:00

Bioice - Winner!

  • Race: Zerg Zerg
  • Spawn Location: 5:00

Event: WCS Austin 2018

VOD

Have the link to the VOD?

Description

Time

  • Played on: June 1, 2018, 1:32 p.m.
  • Length: 4:56

All games in this series

Show
View Real Time Build Order
Export as new Build Order

BoO Zerg 

Build Orders: Hatch First 

Get SALT Encoding   

  12  0:01  Drone  
  13  0:18  Overlord  
  13  0:20  Drone  
  14  0:36  Drone x2  
  14  0:40  Drone  
  17  0:56  Hatchery  
  16  0:58  Drone  
  16  1:02  Drone  
  18  1:05  Extractor  
  17  1:17  Spawning Pool  
  16  1:28  Overlord  
  16  1:29  Drone  
  17  1:35  Drone  
  18  1:45  Drone  
  19  2:04  Queen  
  19  2:05  Zergling x2  
  19  2:07  Queen  
  19  2:08  Zergling x2  
  25  2:09  Zergling x2  
  25  2:15  Metabolic Boost  
  26  2:20  Drone  
  27  2:29  Drone x3  
  30  2:49  Hatchery  
  29  2:57  Drone x3  
  32  3:09  Baneling Nest  
  32  3:11  Zergling x6  
  34  3:16  Drone  
  34  3:17  Drone  
  36  3:21  Overlord  
  36  3:27  Overlord  
  36  3:39  Overlord  
  36  3:44  Zergling x4  
  36  3:45  Zergling x8  
  42  3:52  Baneling  
  40  3:57  Zergling x4  
  38  4:08  Queen  
  37  4:13  Baneling  
  37  4:14  Baneling x2  
  35  4:18  Zergling x6  
  38  4:25  Drone x3  
  35  4:39  Baneling x3  
Show
View Real Time Build Order
Export as new Build Order

Bioice Zerg - Winner!

Build Orders: Hatch First, Zergling Baneling 

Get SALT Encoding   

  12  0:01  Drone  
  13  0:13  Overlord  
  13  0:17  Drone  
  14  0:32  Drone x2  
  16  0:49  Hatchery  
  15  0:52  Drone  
  15  0:56  Drone  
  17  0:59  Drone  
  18  1:06  Extractor  
  17  1:14  Spawning Pool  
  17  1:18  Drone  
  17  1:21  Drone  
  18  1:30  Drone  
  19  1:40  Drone  
  20  1:51  Overlord  
  20  2:01  Queen x2  
  20  2:03  Zergling x4  
  20  2:06  Metabolic Boost  
  26  2:13  Drone  
  26  2:14  Drone  
  28  2:23  Drone x2  
  30  2:33  Zergling x4  
  32  2:45  Hatchery, Zergling x2  
  32  2:48  Zergling x2  
  33  2:58  Baneling Nest  
  33  3:03  Overlord  
  32  3:10  Drone x2  
  32  3:11  Drone  
  35  3:14  Drone  
  36  3:24  Zergling x2  
  36  3:25  Zergling x10  
  42  3:29  Overlord  
  42  3:44  Zergling x2  
  42  3:45  Zergling x2  
  44  3:52  Zergling x6  
  44  3:53  Zergling x2  
  44  3:55  Baneling  
  46  3:56  Zergling x4  
  46  4:00  Zergling x2  
  46  4:01  Zergling x2  
  50  4:03  Zergling x2  
  50  4:08  Zergling x4  
  50  4:09  Queen  
  50  4:11  Baneling x3  
  50  4:12  Zergling x2  
  52  4:19  Baneling x5  
  52  4:20  Baneling  
  51  4:32  Zergling x2  
  51  4:33  Zergling x8  
Tags
 
Add a new tag
Caveats
  • Supply blocks, unpowered buildings, or Contaminate may cause inaccurate times.
  • Supply counts are checked every 10 seconds.